 Dungeon Crawl Stone Soup version 0.17-a0-1900-g45e8110 (webtiles) character file.

198 derrpe the Geomancer (level 5, 0/43 HPs)
             Began as a Deep Dwarf Earth Elementalist on Sept 25, 2015.
             Slain by an ogre
             ... wielding a +0 giant club
              (3 damage)
             ... on level 4 of the Dungeon.
             The game lasted 00:09:54 (3267 turns).

derrpe the Geomancer (DDEE)                         Turns: 3267, Time: 00:09:54

Health: 0/43       AC:  9    Str: 12    XL:     5   Next: 47%
Magic:  7/7        EV:  5    Int: 16    God:
Gold:   128        SH:  0    Dex: 13    Spells: 2 memorised, 1 level left

rFire  . . .     SeeInvis .     h - +1 dagger (distort)
rCold  . . .     Clarity  .     n - +0 chain mail (curse)
rNeg   . . .     SustAt   .     (no shield)
rPois  .         Gourm    .     (no helmet)
rElec  .         Spirit   .     (no cloak)
rCorr  .         Warding  .     (no gloves)
rMut   .         Stasis   .     p - +0 pair of boots
MR     .....                    (no amulet)
Stlth  ..........               (no ring)
                                (no ring)

@: non-regenerating, not resistant to hostile enchantments, extremely unstealthy
A: damage resistance, recharge devices, sense surroundings 1, slow healing 3
a: Device Recharging


You were on level 4 of the Dungeon.
You were not hungry.

You visited 1 branch of the dungeon, and saw 4 of its levels.

You collected 128 gold pieces.

Inventory:

Hand weapons
 a - a +1 short sword
 h - a +1 dagger of distortion (weapon)
Missiles
 b - 44 stones (quivered)
Armour
 g - a +0 buckler
 i - a +0 leather armour
 j - a +0 robe
 n - a cursed +0 chain mail (worn)
 p - a +0 pair of boots (worn)
Jewellery
 o - a +2 ring of protection {unknown}
Magical devices
 d - a wand of heal wounds (3)
 k - a wand of invisibility (3)
Scrolls
 q - 2 scrolls of identify
Potions
 f - a potion of heal wounds
 m - a potion of lignification
 r - a potion of might {unknown}
 t - a potion of invisibility {unknown}
Books
 c - a book of Geomancy

   Spells                             Type                      Level
   a - Sandblast                      Earth                        1
   b - Stoneskin                      Transmutation/Earth          2
   c - Passwall                       Transmutation/Earth          3
   d - Stone Arrow                    Conjuration/Earth            3
   e - Petrify                        Transmutation/Earth          4
   f - Lee's Rapid Deconstruction     Earth                        5
Comestibles
 e - 3 bread rations {@e1}
 l - a meat ration {@e2}
 s - 2 chunks of flesh {@w0}


   Skills:
 + Level 0.5 Fighting
 + Level 0.3 Short Blades
 - Level 2.1 Dodging
 + Level 2.7 Stealth
 - Level 1.7 Spellcasting
 - Level 0.8 Transmutations
 - Level 8.0 Earth Magic


You had one spell level left.
You knew the following spells:

 Your Spells              Type           Power        Failure   Level  Hunger
b - Passwall              Trmt/Erth      ###.......   100%        3    ####...
c - Stone Arrow           Conj/Erth      ##....       100%        3    ####...


Dungeon Overview and Level Annotations

Branches:
Dungeon (4/15)
 Temple: D:4-7

Altars:
Trog


Innate Abilities, Weirdness & Mutations

You are resistant to damage.
You can recharge devices by infusing magical energy.
You passively map a small area around you.
You do not heal naturally.


Message History

The giant cockroach bites you but does no damage.
You hit the giant cockroach.
Space bends around the giant cockroach.
You kill the giant cockroach!
The ogre hits you with a giant club!
You hit the ogre but do no damage.
Space bends around the ogre.
The ogre is moderately wounded.
The ogre hits you with a giant club!!
* * * LOW HITPOINT WARNING * * *
You are too injured to fight recklessly!
You are too injured to fight recklessly!
You hit the ogre.
The ogre is moderately wounded.
The ogre blinks!
Your chain mail prevents you from hitting the ogre.
The ogre is moderately wounded.
The ogre barely misses you.
Your chain mail prevents you from hitting the ogre.
The ogre is moderately wounded.
The ogre hits you with a giant club.
You die...

#.....####......#####...
#.....#*##....... ####
#.....##......... * *
##...##...........
#...##.....P..P.. *
####...##..♣≈≈≈≈♣≈≈♣.
.............≈≈≈≈≈P≈ * *
, #########..O≈.≈≈≈≈≈≈ ,
#.@.≈≈P≈≈≈≈.
#...P≈≈≈.≈≈≈ , ,
##...≈≈.≈≈≈≈ ###........
#........ , #..$.....
#..(..... ......... ,
.........


You could see an ogre.

Vanquished Creatures
  An orc wizard (D:3)
  6 adders
  4 oozes
  3 worms
  2 giant geckos (D:1)
  8 orcs
  A ball python (D:1)
  8 bats
  9 giant cockroaches
  10 hobgoblins
  A kobold (D:2)
  A quokka (D:4)
  5 giant newts
  5 goblins
  7 jackals (D:1)
  13 rats
84 creatures vanquished.

Notes
Turn   | Place    | Note
--------------------------------------------------------------
     0 | D:1      | derrpe the Deep Dwarf Earth Elementalist began the quest for the Orb.
     0 | D:1      | Reached XP level 1. HP: 15/15 MP: 3/3
     1 | D:1      | Found a runed door.
   354 | D:1      | Reached XP level 2. HP: 20/22 MP: 1/4
   782 | D:1      | Reached skill level 5 in Earth Magic
  1370 | D:1      | Reached XP level 3. HP: 25/28 MP: 5/5
  1524 | D:2      | Reached skill level 6 in Earth Magic
  1781 | D:2      | Reached XP level 4. HP: 25/36 MP: 6/6
  2161 | D:3      | Reached skill level 7 in Earth Magic
  2292 | D:3      | Noticed a moth of wrath
  2295 | D:3      | Found a bloodstained altar of Trog.
  2605 | D:3      | HP: 1/36 [orc wizard/puff of frost (5)]
  2621 | D:3      | Reached XP level 5. HP: 11/42 MP: 7/7
  2744 | D:3      | Reached skill level 8 in Earth Magic
  2799 | D:3      | Learned a level 3 spell: Passwall
  2803 | D:3      | Learned a level 3 spell: Stone Arrow
  3202 | D:4      | Noticed an ogre
  3267 | D:4      | Slain by an ogre

Vault maps used:
D:1:      dpeg_arrival_caged_fury
D:2:      st_stairs_9, minivault_26, hangedman_decor_points
D:3:      grunt_ministairs_6, tgw_trog
D:4:      serial_bayou, serial_bayou_pond_b, serial_bayou_pond_d,
          serial_bayou_pond_e, serial_bayou_lake_a, serial_shops, shop,
          nemelex_dance_club_becter

Action                   |  1- 3 |  4- 6 || total
-------------------------+-------+-------++-------
Melee: Short sword       |   174 |    91 ||   265
       Dagger            |       |   100 ||   100
Throw: Stone             |     1 |       ||     1
 Cast: Sandblast         |    35 |       ||    35
Evoke: Wand              |     1 |     3 ||     4
  Use: Scroll            |     2 |     3 ||     5
       Potion            |     1 |       ||     1
 Stab: Sleeping          |     1 |       ||     1
  Eat: Chunk             |     4 |     5 ||     9
